 Dungeon Crawl Stone Soup version 0.25-a0-2-g6559c6c (webtiles) character file.

Game seed: 3640042867629160823, levelgen mode: deterministic

595 2tousent the Bolt Thrower (level 7, -1/51 HPs)
             Began as a Barachi Wanderer on Oct 13, 2019.
             Was an Initiate of Fedhas.
             Slain by Grinder (3 damage)
             ... on level 4 of the Dungeon.
             The game lasted 00:22:39 (5260 turns).

2tousent the Bolt Thrower (Barachi Wanderer)        Turns: 5260, Time: 00:22:41

Health: -1/51      AC:  3    Str: 13    XL:     7   Next: 40%
Magic:  0/11       EV: 11    Int: 13    God:    Fedhas [......]
Gold:   127        SH:  0    Dex: 13    Spells: 3/11 levels left

rFire    . . .     SeeInvis .   b - +0 long sword
rCold    . . .     Gourm    .   (no shield)
rNeg     . . .     Faith    .   e - +1 robe
rPois    .         Spirit   +   (no helmet)
rElec    .         Reflect  .   (no cloak)
rCorr    .         Harm     .   (no gloves)
MR       .....                  (no boots)
Stlth    +.........             i - amulet of guardian spirit
HPRegen  0.17/turn              (no ring)
MPRegen  0.12/turn              (no ring)

@: slow
A: +LOS, swims, slowness 1, strong legs 1
a: Hop, Renounce Religion


You were on level 4 of the Dungeon.
You worshipped Fedhas.
Fedhas was noncommittal.
You were near starving.

You visited 1 branch of the dungeon, and saw 4 of its levels.

You collected 127 gold pieces.

Inventory:

Hand Weapons
 a - a +1 hand crossbow
 b - a +0 long sword (weapon)
 r - a +0 quarterstaff
Missiles
 n - 2 bolts
Armour
 e - a +1 robe (worn)
Magical Staves
 o - an uncursed staff of poison
Jewellery
 i - an amulet of guardian spirit (around neck)
Scrolls
 d - a scroll of remove curse {unknown}
 g - 2 scrolls of fog
 j - 4 scrolls of teleportation
 l - a scroll of fear {unknown}
 p - a scroll of enchant armour
 t - a scroll of identify
 u - a scroll of random uselessness {unknown}
Potions
 c - a potion of heal wounds
 h - 3 potions of mutation
 k - 2 potions of might
 m - a potion of magic
 q - a potion of flight
 s - a potion of haste
Comestibles
 f - 7 rations


   Skills:
 - Level 2.4 Fighting
 * Level 3.1 Long Blades
 * Level 6.4 Crossbows
   Level 1.1 Shields
 - Level 2.9 Spellcasting
 - Level 3.3 Fire Magic
 + Level 1.4 Invocations
 - Level 1.1 Evocations


You had 3 spell levels left.
You knew the following spells:

 Your Spells              Type           Power        Failure   Level  Hunger
a - Throw Flame           Conj/Fire      #.....       17%         2    ###....
b - Conjure Flame         Conj/Fire      #.......     34%         3    ###....
c - Inner Flame           Hex/Fire       #.......     34%         3    ###....

Your spell library contained the following spells:

 Spells                   Type           Power        Failure   Level  Hunger
 Flame Tongue             Conj/Fire      #....        12%         1    #......
 Apportation              Tloc           #.....       24%         1    #......
 Gell's Gravitas          Tloc           #.........   56%         3    ###....
 Sticky Flame             Conj/Fire      #.......     75%         4    #####..
 Fireball                 Conj/Fire      #.........   97%         5    ######.


Dungeon Overview and Level Annotations

Branches:
Dungeon (4/15)
 Temple: D:4-7

Altars:
Elyvilon
Fedhas

Annotations:
D:3 2 transporters, MatthieuS's ghost, amateur DEVM
D:4 Grinder


Innate Abilities, Weirdness & Mutations

Shadows flee at your approach. (+LOS)
You can swim through water.
You cover ground slowly.
You can hop short distances.


Message History

Aim: Grinder (almost dead)
You shoot a bolt. The bolt closely misses Grinder.
Grinder hits you!
* * * LOW HITPOINT WARNING * * *
You writhe in agony.
* * * LOW HITPOINT WARNING * * *
b - a +0 long sword (weapon)
You hit Grinder but do no damage.
Grinder is almost dead.
Grinder gestures at you. Pain shoots through your body!
* * * LOW HITPOINT WARNING * * *
Grinder says, "Wait up."
Grinder misses you.
You barely miss Grinder.
Grinder is almost dead.
Grinder hits you!
* * * LOW HITPOINT WARNING * * *
You writhe in agony.
You die...
Fedhas appreciates your contribution to the ecosystem.

#.........#.# #.#..##....#.###
#...........######.......#....#.#
#........#####...###..#..#.####.#
#..........# ###.###.....#......#
#........#.# #...##.#.#######.#
#........#.# #.#.#..#.....#[..#
##.....###.# #.#.....# #.###
........##.#####.....#.# #.#
.............#..@5....(# #.#
.........#.....##......####.#.#
.........###.####.##((>.....#.#
.........###....#.##..#######.#
....(.........#.#.##..#.......#
........#####.#.#.#####.#######
........<# #.#...#.....#
.........# #.#####.#####
####.....####.# #.#


You could see Grinder.

Vanquished Creatures
  3 ogres (D:4)
  2 hounds (D:4)
  A centaur skeleton (D:4)
  An iguana (D:4)
  An orc wizard (D:4)
  3 worker ants (D:4)
  5 adders
  3 oozes
  5 worms
  A dart slug (D:2)
  A leopard gecko (D:3)
  6 orcs
  3 ball pythons
  6 bats
  4 giant cockroaches
  7 hobgoblins
  2 jackals (D:3)
  3 frilled lizards
  4 goblins
  4 kobolds
  6 rats
71 creatures vanquished.

Notes
Turn   | Place    | Note
-------+----------+-------------------------------------------
     0 | D:1      | 2tousent the Barachi Wanderer began the quest for the Orb.
     0 | D:1      | 2tousent set off with the following items: a +0 hand
                  | crossbow, 24 bolts, a +0 robe, a ration; and the following
                  | spells available to memorise: Flame Tongue, Throw Flame,
                  | Apportation, Conjure Flame, Inner Flame, Gell's Gravitas,
                  | Sticky Flame, Fireball
     0 | D:1      | Reached XP level 1. HP: 17/17 MP: 2/2
   173 | D:1      | Reached XP level 2. HP: 23/23 MP: 4/4
   177 | D:1      | Learned a level 2 spell: Throw Flame
   801 | D:2      | Reached XP level 3. HP: 26/28 MP: 0/6
  1228 | D:2      | Learned a level 3 spell: Conjure Flame
  1618 | D:2      | Reached XP level 4. HP: 33/34 MP: 0/7
  2119 | D:3      | Found a white marble altar of Elyvilon.
  2712 | D:3      | Reached skill level 4 in Crossbows
  2983 | D:3      | Learned a level 3 spell: Inner Flame
  3009 | D:3      | Found a transporter.
  3224 | D:3      | Reached XP level 5. HP: 39/39 MP: 6/9
  3251 | D:3      | Found a transporter.
  3283 | D:3      | Noticed MatthieuS's ghost (amateur DEVM)
  3595 | D:4      | Found a blossoming altar of Fedhas.
  3661 | D:4      | Noticed an ogre
  3667 | D:4      | Killed an ogre
  3667 | D:4      | Reached skill level 5 in Crossbows
  3667 | D:4      | Reached XP level 6. HP: 27/46 MP: 1/10
  4095 | D:4      | Became a worshipper of Fedhas Madash
  4203 | D:4      | Reached skill level 1 in Long Blades
  4203 | D:4      | Reached skill level 6 in Crossbows
  4363 | D:4      | Reached XP level 7. HP: 49/51 MP: 4/11
  4371 | D:4      | Reached skill level 1 in Invocations
  5226 | D:4      | Noticed Grinder
  5240 | D:4      | Paralysed by Grinder for 6 turns
  5260 | D:4      | HP: 2/51 [Grinder (7)]
  5260 | D:4      | Slain by Grinder

Levels and vault maps discovered:
D:1:      dpeg_arrival_orchard, layout_loops_cross
D:2:      layout_rooms, first_ration
D:3:      layout_basic, lemuel_doored_altar, gammafunk_ghost_stat_death
D:4:      layout_basic, nicolae_overflow_hidden_temple, fedhas_ov_isle_minmay,
          uniq_grinder, uniq_eustachio

Skill      XL: |  1  2  3  4  5  6  7 |
---------------+----------------------+-----
Spellcasting   | 2 |  2.9
Fire Magic     | 3 |  3.3
Crossbows      | 4 5 6 |  6.4
Long Blades    | 2 3 |  3.1
Invocations    | 1 |  1.4
Fighting       | |  2.4
Shields        | |  1.1
Evocations     | |  1.1

Action                   |  1- 3 |  4- 6 |  7- 9 || total
-------------------------+-------+-------+-------++-------
Melee: Unarmed           |       |    32 |       ||    32
       Hand crossbow     |       |     7 |       ||     7
       Long sword        |       |    24 |    41 ||    65
 Fire: Hand crossbow     |    49 |    32 |    12 ||    93
 Cast: Throw Flame       |    22 |    78 |     7 ||   107
       Conjure Flame     |     1 |       |       ||     1
 Abil: Hop               |     1 |    12 |     2 ||    15
  Use: Scroll            |     7 |     5 |       ||    12
       Potion            |       |     1 |     1 ||     2
  Eat: Chunk             |     4 |    15 |     2 ||    21
Armor: Robe              |     3 |    16 |    10 ||    29
Dodge: Dodged            |    16 |    54 |    25 ||    95
       Rpst.: Long sword |       |     5 |    11 ||    16

Table legend:
 A = Non-vault XP
 B = Vault XP
 C = Vault XP percentage of total XP
 D = Non-vault monster count
 E = Vault monster count
 F = Vault count percentage of total count
                 A         B        C        D         E       F
            +---------+---------+-------+---------+---------+-------
      Total |     850 |       0 |   0.0 |      71 |       0 |   0.0
            +---------+---------+-------+---------+---------+-------
        D:1 |      32 |       0 |   0.0 |      17 |       0 |   0.0
        D:2 |      54 |       0 |   0.0 |      13 |       0 |   0.0
        D:3 |      83 |       0 |   0.0 |      23 |       0 |   0.0
        D:4 |     681 |       0 |   0.0 |      18 |       0 |   0.0
            +---------+---------+-------+---------+---------+-------
